 Dungeon Crawl Stone Soup version 0.30-a0-996-ga6910c8ee8 (webtiles) character file.

Game seed: 12285533469995410098

8212 cforsyth the Basher (level 11, -7/93 HPs)
             Began as a Formicid Fighter on Apr 4, 2023.
             Killed by divine providence
             ... invoked by an orc priest
              (15 damage)
             ... on level 9 of the Dungeon.
             The game lasted 00:15:44 (10401 turns).

cforsyth the Basher (Formicid Fighter)             Turns: 10401, Time: 00:15:45

Health: -7/93      AC: 24    Str: 26    XL:     11   Next: 51%
Magic:  11/11      EV:  9    Int:  7    God:
Gold:   654        SH: 10    Dex: 13    Spells: 10/10 levels left

rFire   . . .      SeeInvis +    C - +5 flail
rCold   . . .      Faith    .    c - +0 buckler
rNeg    . . .      Spirit   .    z - +0 crystal plate armour
rPois   .          Reflect  +    (helmet unavailable)
rElec   .          Rampage  .    y - +2 cloak
rCorr   .                        x - +0 pair of gloves
Will    +....                    (no boots) Stlth
                                 F - amulet of reflection
HPRegen 0.35/turn                A - +5 ring of evasion
MPRegen 0.12/turn                E - +4 ring of protection

@: no status effects
A: permanent stasis, dig shafts and tunnels, antennae 3, four strong arms
a: Dig, Shaft Self


You were on level 9 of the Dungeon.
You visited 2 branches of the dungeon, and saw 10 of its levels.

You collected 654 gold pieces.

Inventory:

Hand Weapons
 a - a +0 flail
 C - a +5 flail (weapon)
Armour
 c - a +0 buckler (worn)
 x - a +0 pair of gloves (worn)
 y - a +2 cloak (worn)
 z - a +0 crystal plate armour (worn)
Jewellery
 A - a +5 ring of evasion (left hand)
 D - a ring of magical power
 E - a +4 ring of protection (right hand)
 F - an amulet of reflection (around neck)
 G - a ring of protection from fire
Wands
 t - a wand of roots (14)
Scrolls
 f - 10 scrolls of identify {unknown}
 g - 11 scrolls of teleportation {unknown}
 i - 2 scrolls of vulnerability {unknown}
 k - 4 scrolls of amnesia {unknown}
 l - a scroll of poison {unknown}
 m - 3 scrolls of fog {unknown}
 n - a scroll of enchant armour {unknown}
 p - 2 scrolls of noise {unknown}
 r - a scroll of silence {unknown}
 s - 2 scrolls of magic mapping {unknown}
 v - 5 scrolls of immolation {unknown}
 w - a scroll of enchant weapon {unknown}
Potions
 b - 3 potions of ambrosia {unknown}
 d - 2 potions of lignification {unknown}
 e - 3 potions of resistance {unknown}
 h - 6 potions of heal wounds {unknown}
 j - 2 potions of brilliance {unknown}
 o - 2 potions of attraction {unknown}
 q - a potion of curing
 u - 3 potions of haste {unknown}
 B - 2 potions of flight {unknown}


   Skills:
 + Level 11.4 Fighting
 * Level 14.0 Maces & Flails
 - Level 3.2 Armour
 - Level 4.0 Shields


You had 10 spell levels left.
You didn't know any spells.
Your spell library contained the following spells:

 Spells                   Type           Power      Damage    Failure   Level
 Ensorcelled Hibernation  Hex/Ice        0%         N/A       100%        2
 Static Discharge         Conj/Air       0%         2-2/arc   100%        2
 Spider Form              Tmut/Pois      0%         N/A       100%        3
 Airstrike                Air            0%         2d(0-16)  100%        4
 Anguish                  Hex/Necr       0%         N/A       100%        4
 Summon Lightning Spire   Summ/Air       0%         N/A       100%        4


Dungeon Overview and Level Annotations

Branches:
Dungeon (9/15)             Temple (1/1) D:4            Lair (0/5) D:9
    Orc: D:9-12

Altars:
Cheibriados
Dithmenos
Fedhas
Gozag
Hepliaklqana
Kikubaaqudgha
Makhleb
Nemelex Xobeh
Okawaru
Qazlal
Ru
Sif Muna
Trog
Uskayaw
Vehumet
Xom
Yredelemnul
Zin
The Shining One

Annotations:
D:5 2 transporters, Juicyj's ghost, novice MiGl


Innate Abilities, Weirdness & Mutations

You cannot be hasted, slowed, berserked, paralysed or teleported.
You can dig through walls and to a lower floor.
You have a pair of large antennae on your head. (SInv)
Your four strong arms can wield two-handed weapons with a shield.


Message History

The orc warrior is almost dead.
You barely miss the orc warrior.
The orc warrior is almost dead.
The orc warrior completely misses you.
You barely miss the orc warrior.
The orc warrior is almost dead.
The orc warrior closely misses you.
You sock the orc warrior!
You kill the orc warrior!
The orc priest invokes the aid of Beogh against you.
Beogh smites you!
* * * LOW HITPOINT WARNING * * *
You block the orc wizard's attack.
Items here: ))))) [[ †††.
You sock the orc priest!
The orc priest is severely wounded.
The orc priest casts a cantrip, but nothing happens.
You block the orc priest's attack. The orc wizard closely misses you.
You closely miss the orc priest.
The orc priest is severely wounded.
The orc priest calls upon Beogh to heal the orc wizard.
The orc wizard is healed somewhat.
You block the orc priest's attack. You block the orc wizard's attack.
You closely miss the orc priest.
The orc priest is severely wounded.
The orc priest invokes the aid of Beogh against you.
Beogh smites you!
* * * LOW HITPOINT WARNING * * *
The orc wizard hits you with a +0 dagger.
* * * LOW HITPOINT WARNING * * *
You completely miss the orc priest.
The orc priest is severely wounded.
You feel better.
The orc priest hits you but does no damage.
The orc wizard hits you but does no damage.
Things that are here:
a +0 hand axe; a +0 chain mail The orc priest calls down the wrath of Beogh upon you.
Beogh smites you!
You die...

# #########
#.##.###.##....
##8#
#........##...# {
{..#...#
####.######.... {{
.....o{### #.#
#...# ....o{.o)#
#># #....
.....{{#o# #.#
####. ..#...##o#
#.# #.
##8###.######.# #.
#########..@......#
#.
............#.#####
#. #######.#####.#
#. #.#####.# #.
#.......# ##
#########


You could see 2 orc priests and an orc wizard.

Vanquished Creatures
  Erica (D:8)
  3 death yaks (D:9)
  A troll (D:9)
  A hornet (D:8)
  A shadow (D:9)
  4 yaks
  2 wyverns
  A steam dragon (D:6)
  Menkaure (D:6)
  Duvessa (D:5)
  3 water moccasins
  6 orc warriors (D:9)
  2 ice beasts (D:6)
  2 black bears (D:5)
  2 ogres
  6 centaurs
  A phantom (D:5)
  A kobold brigand (D:8)
  Blork the orc (D:4)
  6 bullfrogs
  2 scorpions
  7 wights
  Dowan (D:5)
  A howler monkey (D:6)
  A crimson imp (D:6)
  5 orc priests
  3 hounds
  3 jellies (D:6)
  An iguana (D:7)
  2 sleepcaps (D:5)
  9 orc wizards
  15 gnolls
  6 adders
  6 river rats (D:9)
  3 white imps
  2 worms
  3 dart slugs
  33 orcs
  2 ball pythons
  4 endoplasms
  A giant cockroach (D:3)
  29 goblins
  31 hobgoblins
  2 quokkas (D:2)
  A bat (D:3)
  2 frilled lizards (D:1)
  6 kobolds
  6 rats
233 creatures vanquished.

Vanquished Creatures (others)
  A water moccasin (D:6)
  An orc wizard (D:9)
2 creatures vanquished.

Grand Total: 235 creatures vanquished

Notes
Turn   | Place    | Note
-------+----------+-------------------------------------------
     0 | D:1      | cforsyth the Formicid Fighter began the quest for the Orb.
     0 | D:1      | Reached XP level 1. HP: 18/18 MP: 1/1
    18 | D:1      | Noticed an electric eel
   200 | D:1      | Reached XP level 2. HP: 24/24 MP: 2/2
   331 | D:1      | Reached XP level 3. HP: 9/30 MP: 3/3
   336 | D:1      | Reached skill level 3 in Maces & Flails
   822 | D:1      | Reached XP level 4. HP: 35/37 MP: 4/4
  1138 | D:2      | Found an ancient bone altar of Kikubaaqudgha.
  1967 | D:3      | Reached skill level 4 in Maces & Flails
  1967 | D:3      | Reached XP level 5. HP: 42/42 MP: 5/5
  2204 | D:3      | Noticed a bullfrog
  2223 | D:3      | Killed a bullfrog
  2224 | D:3      | Reached XP level 6. HP: 18/49 MP: 6/6
  2576 | D:3      | Found a stormy altar of Qazlal.
  2715 | D:4      | Found a sparkling altar of Nemelex Xobeh.
  2784 | D:4      | Noticed Blork the orc
  2799 | D:4      | Reached skill level 5 in Maces & Flails
  2804 | D:4      | Killed Blork the orc
  2805 | D:4      | Reached skill level 5 in Fighting
  2982 | D:4      | Found a staircase to the Ecumenical Temple.
  3003 | Temple   | Entered the Ecumenical Temple
  3204 | D:4      | Found a sacrificial altar of Ru.
  3227 | D:4      | Found a shadowy altar of Dithmenos.
  3434 | D:4      | Found a snail-covered altar of Cheibriados.
  3531 | D:4      | Noticed an ogre
  3553 | D:3      | Killed an ogre
  3554 | D:3      | Reached XP level 7. HP: 48/56 MP: 7/7
  3713 | D:4      | Noticed a yak
  3713 | D:4      | Noticed a yak
  3713 | D:4      | Noticed a yak
  3713 | D:4      | Noticed a yak
  3724 | D:4      | HP: 1/56 [yak (6)]
  3747 | D:3      | Killed a yak
  3748 | D:3      | Reached skill level 6 in Maces & Flails
  4244 | Temple   | Killed a yak
  4246 | Temple   | Killed a yak
  4247 | Temple   | Reached skill level 7 in Maces & Flails
  4247 | Temple   | Reached XP level 8. HP: 15/65 MP: 8/8
  4668 | Temple   | Killed a yak
  5152 | D:4      | Reached skill level 8 in Maces & Flails
  5505 | D:5      | Entered Level 5 of the Dungeon
  5789 | D:5      | Reached XP level 9. HP: 72/72 MP: 9/9
  5969 | D:5      | Found a transporter.
  5973 | D:5      | Noticed Juicyj's ghost (novice MiGl)
  6003 | D:5      | Found a transporter.
  6025 | D:5      | Reached skill level 9 in Maces & Flails
  6135 | D:5      | Noticed Duvessa
  6135 | D:5      | Noticed Dowan
  6146 | D:5      | Killed Dowan
  6161 | D:5      | Killed Duvessa
  6576 | D:6      | Noticed Menkaure
  6582 | D:6      | Killed Menkaure
  6596 | D:6      | Reached skill level 10 in Maces & Flails
  7182 | D:6      | Found a burning altar of Makhleb.
  7256 | D:7      | Reached XP level 10. HP: 63/82 MP: 10/10
  7376 | D:7      | Reached skill level 11 in Maces & Flails
  8213 | D:7      | Found a radiant altar of Vehumet.
  8568 | D:8      | Noticed Erica
  8576 | D:8      | Killed Erica
  8577 | D:8      | Reached skill level 12 in Maces & Flails
  8687 | D:8      | Reached skill level 10 in Fighting
  9389 | D:9      | Found a bloodstained altar of Trog.
  9594 | D:9      | Reached XP level 11. HP: 92/92 MP: 11/11
  9633 | D:9      | Noticed a death yak
  9635 | D:9      | Found a staircase to the Lair.
  9635 | D:9      | Noticed a death yak
  9643 | D:9      | Noticed a death yak
  9662 | D:9      | Killed a death yak
  9663 | D:9      | Reached skill level 13 in Maces & Flails
  9663 | D:9      | Killed a death yak
  9670 | D:9      | Killed a death yak
 10385 | D:9      | Reached skill level 14 in Maces & Flails
 10396 | D:9      | HP: 4/93 [orc priest/divine providence (8)]
 10396 | D:9      | HP: 1/93 [orc wizard/+0 dagger (3)]
 10401 | D:9      | Killed from afar by an orc priest

Illustrated notes

Levels and vault maps discovered:
D:1:      arrival_aquarium_a, layout_loops_ring
D:2:      layout_basic, basic_altar
D:3:      layout_basic, nicolae_qazlal_eye_of_the_storm
D:4:      minmay_goblin_kobold_castle, layout_cave_pools,
          nicolae_dithmenos_shadow_blocks, nemelex_xobeh_ov_fountains_minmay,
          mainiacjoe_overflow_concentric_impassable, lemuel_doored_altar,
          minmay_temple_entry_stoned_glass, serial_bayou_pond_c,
          uniq_blork_the_orc
D:5:      layout_gridville, gammafunk_ghost_mausoleum, uniq_duvessa
D:6:      lemuel_ice_spiral_2, layout_rooms, makhleb_grotto_becter, minmay_bent,
          uniq_menkaure
D:7:      layout_loops_ring, nicolae_overflow_hidden_temple
D:8:      kennysheep_spiral_hall, layout_loops_cross,
          minmay_misc_feat_secret_circle, uniq_erica
D:9:      layout_loops_corners, old_standard_altar, dpeg_lair_monsters,
          david_orc_4
Temple:   bh_familiar_temple

Skill      XL: |  1  2  3  4  5  6  7  8  9 10 11 |
---------------+----------------------------------+-----
Maces & Flails | 3 4 5 7 8 10 12 14 | 14.0
Fighting       | 4 5 6 7 8 10 11 | 11.4
Armour         | |  3.2
Shields        | |  4.0

Action                     |  1- 3 |  4- 6 |  7- 9 | 10-12 || total
---------------------------+-------+-------+-------+-------++-------
  Melee: Flail             |    56 |   152 |   398 |   298 ||   904
  Evoke: Wand              |       |       |     6 |    11 ||    17
    Use: Potion            |       |       |     3 |     2 ||     5
 Armour: Scale mail        |    19 |    67 |       |       ||    86
         Crystal plate arm |       |     7 |   308 |   114 ||   429
  Dodge: Dodged            |    20 |    80 |   199 |   101 ||   400
  Block: Buckler           |    20 |    30 |   119 |    97 ||   266
         Reflection        |       |       |       |     3 ||     3

Table legend: (Time is in decaauts)
 A = Elapsed time spent in this place.
 B = Non-inter-level travel time spent in this place.
 C = Inter-level travel time spent in this place.
 D = Time resting spent in this place.
 E = Time spent auto-exploring this place.
 F = Levels seen in this place.
 G = Mean time per level.
                   A        B        C        D        E       F      G
               +--------+--------+--------+--------+--------+-----+--------+
         Total |  10414 |  10072 |    342 |   1731 |   6411 |  10 | 1041.4 |
       Dungeon |   9643 |   9357 |    286 |   1245 |   6250 |   9 | 1071.4 |
        Temple |    770 |    714 |     56 |    486 |    161 |   1 |  770.0 |
               +--------+--------+--------+--------+--------+-----+--------+

Top non-repeatable levels by time:
     D:4: 1472 daAuts
     D:3: 1366 daAuts
     D:9: 1068 daAuts
     D:1: 1017 daAuts
     D:6: 1011 daAuts
     D:5: 980 daAuts
     D:2: 953 daAuts
     D:8: 926 daAuts
     D:7: 846 daAuts
  Temple: 770 daAuts
